 Dungeon Crawl Stone Soup version 0.19-a0-1216-g363869b (webtiles) character file.

791 Duffy the Magician (level 7, -5/36 HPs)
             Began as a Deep Elf Conjurer on Aug 23, 2016.
             Slain by a centaur (6 damage)
             ... on level 5 of the Dungeon.
             The game lasted 00:05:14 (4499 turns).

Duffy the Magician (Deep Elf Conjurer)              Turns: 4499, Time: 00:05:14

Health: -5/36      AC:  4    Str:  5    XL:     7   Next: 57%
Magic:  12/19      EV:  7    Int: 22    God:
Gold:   215        SH:  0    Dex: 15    Spells: 5 memorised, 4 levels left

rFire  . . .     SeeInvis .     t - +2 dagger (venom)
rCold  . . .     Gourm    .     a - +0 robe
rNeg   . . .     Faith    .     (no shield)
rPois  .         Spirit   .     v - +0 helmet
rElec  .         Dismiss  .     y - +0 cloak
rCorr  .         Reflect  .     (no gloves)
MR     .....     Harm     .     (no boots)
Stlth  +.........               u - amulet of magic regeneration
                                C - -6 ring of evasion (curse)
                                e - ring of loudness (curse)

@: no status effects
A: no striking features
a: no special abilities


You were on level 5 of the Dungeon.
You were not hungry.

You visited 1 branch of the dungeon, and saw 5 of its levels.

You collected 215 gold pieces.

Inventory:

Hand Weapons
 t - a +2 dagger of venom (weapon)
Armour
 a - a +0 robe (worn)
 v - a +0 helmet (worn)
 y - a +0 cloak (worn)
Jewellery
 e - a cursed ring of loudness (left hand)
 u - an amulet of magic regeneration (around neck)
 C - a cursed -6 ring of evasion (right hand)
Scrolls
 h - 3 scrolls of teleportation {unknown}
 i - 2 scrolls of enchant armour {unknown}
 j - 7 scrolls of identify {unknown}
 l - 2 scrolls of blinking {unknown}
 m - a scroll of random uselessness {unknown}
 o - a scroll of remove curse {unknown}
 x - 2 scrolls of fear {unknown}
 B - a scroll of immolation {unknown}
 D - a scroll of noise {unknown}
 E - 4 scrolls of enchant weapon {unknown}
Potions
 d - a potion of resistance {unknown}
 f - 2 potions of cancellation {unknown}
 k - 6 potions of curing {unknown}
 n - 2 potions of degeneration {unknown}
 p - a potion of agility {unknown}
 q - a potion of mutation {unknown}
 w - 2 potions of cure mutation {unknown}
 z - a potion of lignification {unknown}
 A - 2 potions of haste {unknown}
 F - a potion of heal wounds {unknown}
 G - a potion of ambrosia {unknown}
Books
 b - a book of Conjurations

   Spells                             Type                      Level
   a - Magic Dart                     Conjuration                  1
   b - Searing Ray                    Conjuration                  2
   c - Dazzling Spray                 Conjuration/Hexes            3
   d - Fulminant Prism                Conjuration/Hexes            4
   e - Iskenderun's Mystic Blast      Conjuration                  4
   f - Iskenderun's Battlesphere      Conjuration/Charms           5
 r - a book of Spatial Translocations

   Spells                             Type                      Level
   a - Apportation                    Translocation                1
   b - Blink                          Translocation                2
   c - Shroud of Golubria             Charms/Translocation         2
   d - Portal Projectile              Translocation                3
   e - Teleport Other                 Translocation                3
   f - Passage of Golubria            Translocation                4
 I - a book of Minor Magic

   Spells                             Type                      Level
   a - Magic Dart                     Conjuration                  1
   b - Blink                          Translocation                2
   c - Call Imp                       Summoning                    2
   d - Repel Missiles                 Charms/Air                   2
   e - Slow                           Hexes                        2
   f - Conjure Flame                  Conjuration/Fire             3
   g - Mephitic Cloud                 Conjuration/Poison/Air       3
Comestibles
 c - 4 bread rations
 g - a beef jerky
 s - 2 meat rations
 H - 3 chunks of flesh
 J - 4 fruits


   Skills:
 - Level 2.4 Dodging
 - Level 2.4 Stealth
 + Level 7.1 Spellcasting
 + Level 7.0 Conjurations
 + Level 4.7 Hexes
 + Level 3.8 Charms


You had 4 spell levels left.
You knew the following spells:

 Your Spells              Type           Power        Failure   Level  Hunger
a - Magic Dart            Conj           ####         1%          1    None
c - Iskenderun's Mystic   Conj           #####...     6%          4    ###....
i - Iskenderun's Battles  Conj/Chrm      ####....     28%         5    #####..
n - Fulminant Prism       Conj/Hex       ####......   10%         4    ###....
s - Searing Ray           Conj           #####.       1%          2    None


Dungeon Overview and Level Annotations

Branches:
Dungeon (5/15)
 Temple: D:4-7

Altars:
Kikubaaqudgha


Message History

Confirm with . or Enter, or press ? or * to list all spells.
Aiming: Searing Ray
Press: ? - help, Shift-Dir - straight line, f - centaur
Aim: a centaur The searing ray hits the centaur.
The centaur is lightly wounded.
The centaur hits you.
The searing ray hits the centaur.
The centaur is moderately wounded.
The centaur hits you. The centaur hits you!
The searing ray misses the centaur.
The centaur hits you!
Casting: Searing Ray
Confirm with . or Enter, or press ? or * to list all spells.
Aiming: Iskenderun's Mystic Blast
Press: ? - help, Shift-Dir - straight line, f/p - centaur
Aim: a centaur (moderately wounded)
The orb of energy hits the centaur.
The centaur is heavily wounded.
The orb of energy explodes!
The centaur hits you. x2
You die...

#....# ##..#
####.## #..#
##... #.)# .)..
######.## # #...
#.......# #.#...
#.......# #.....
#.......##
#...##........#
#..c@.........##
#...##.........#
#### ####+##...#
##..# #..# ##..#
..># ####


You could see a centaur.

Vanquished Creatures
  2 ogres
  A crimson imp (D:5)
  A hound (D:4)
  An orc priest (D:4)
  Crazy Yiuf (D:3)
  A jelly (D:5)
  4 orc wizards
  6 worker ants
  A hound skeleton (D:5)
  A howler monkey zombie (D:5)
  A worker ant zombie (D:5)
  6 adders
  An ooze (D:2)
  2 adder skeletons (D:4)
  3 worms
  3 dart slugs
  2 giant geckos
  21 orcs
  4 giant cockroaches
  4 hobgoblins
  10 jackals
  6 kobolds
  3 quokkas
  3 ball pythons
  5 bats
  5 giant newts
  2 goblins (D:2)
  7 rats
107 creatures vanquished.

Vanquished Creatures (others)
  A fulminant prism (D:4)
1 creature vanquished.

Grand Total: 108 creatures vanquished

Notes
Turn   | Place    | Note
-------+----------+-------------------------------------------
     0 | D:1      | Duffy the Deep Elf Conjurer began the quest for the Orb.
     0 | D:1      | Reached XP level 1. HP: 10/10 MP: 6/6
   287 | D:1      | Reached XP level 2. HP: 15/15 MP: 5/8
   394 | D:1      | Learned a level 2 spell: Searing Ray
   958 | D:2      | Reached XP level 3. HP: 19/19 MP: 3/10
   961 | D:2      | Reached skill level 5 in Conjurations
  1417 | D:2      | Reached XP level 4. HP: 17/24 MP: 4/12
  1510 | D:2      | Learned a level 4 spell: Iskenderun's Mystic Blast
  1518 | D:2      | Learned a level 4 spell: Fulminant Prism
  1802 | D:3      | Reached skill level 5 in Spellcasting
  1802 | D:3      | Reached skill level 1 in Hexes
  2274 | D:3      | Found a runed door.
  2278 | D:3      | Noticed Crazy Yiuf
  2281 | D:3      | Killed Crazy Yiuf
  2281 | D:3      | Reached XP level 5. HP: 28/28 MP: 10/14
  2965 | D:4      | Reached XP level 6. HP: 3/32 MP: 9/17
  3413 | D:4      | Learned a level 5 spell: Iskenderun's Battlesphere
  3580 | D:4      | Reached skill level 1 in Charms
  3858 | D:5      | Entered Level 5 of the Dungeon
  3894 | D:5      | Reached XP level 7. HP: 36/36 MP: 15/19
  3931 | D:5      | Found an ancient bone altar of Kikubaaqudgha.
  4499 | D:5      | HP: 1/36 [centaur (3)]
  4499 | D:5      | Slain by a centaur

Vault maps used:
D:1:      dpeg_arrival_shelter
D:2:      first_bread
D:3:      uniq_crazy_yiuf_cottage
D:5:      kennysheep_little_box

Skill      XL: |  1  2  3  4  5  6  7 |
---------------+----------------------+-----
Spellcasting   | 4 5 6 7 |  7.1
Conjurations   | 5 6 7 |  7.0
Hexes          | 2 3 4 |  4.7
Charms         | 2 3 |  3.8
Dodging        | |  2.4
Stealth        | |  2.4

Action                   |  1- 3 |  4- 6 |  7- 9 || total
-------------------------+-------+-------+-------++-------
Melee: Dagger            |       |     5 |     3 ||     8
 Cast: Magic Dart        |    92 |   104 |    41 ||   237
       Searing Ray       |       |    11 |     5 ||    16
       Fulminant Prism   |       |     1 |       ||     1
       Iskenderun's Myst |       |       |     1 ||     1
  Eat: Chunk             |     1 |     8 |     2 ||    11
Armor: Robe              |       |    10 |     2 ||    12
Dodge: Dodged            |     8 |    14 |     8 ||    30
